 Seeded DCSS version 0.30-a0-845-g7c6808c8ce (webtiles) character file.

Game seed: 4290115023798346970 (custom seed)

363 demibob the Sneak (level 7, -2/40 HPs)
             Began as a Kobold Brigand on Mar 3, 2023.
             Slain by Pikel
             ... wielding a +2 whip of freezing
              (3 damage)
             ... on level 4 of the Dungeon.
             The game lasted 00:04:52 (2754 turns).

demibob the Sneak (Kobold Brigand)                  Turns: 2754, Time: 00:04:53

Health: -2/40      AC:  3    Str:  8    XL:     7   Next: 0%
Magic:  7/7        EV: 14    Int: 12    God:
Gold:   302        SH:  0    Dex: 19    Spells: 6/6 levels left

rFire   . . .      SeeInvis .    a - +10 demon whip of Flying Sudden Death {pain, rElec}
rCold   . . .      Faith    .    (no shield)
rNeg    . . .      Spirit   .    b - +0 robe
rPois   +          Reflect  .    (no helmet)
rElec   +          Rampage  .    c - +0 cloak
rCorr   .                        (no gloves)
Will    .....                    (no boots)
Stlth   ++++                     (no amulet)
HPRegen 0.26/turn                P - ring of poison resistance
MPRegen 0.10/turn                (no ring)

@: no status effects
A: small, no large weapons, nightstalker 3
a: no special abilities


You were on level 4 of the Dungeon.
You visited 1 branch of the dungeon, and saw 4 of its levels.

You collected 302 gold pieces.


Innate Abilities, Weirdness & Mutations

You are small and have problems with some larger weapons.
You are completely attuned to the shadows.


   Skills:
 - Level 2.1 Fighting
 - Level 4.0 Short Blades
 * Level 4.4 Maces & Flails
 - Level 2.1 Throwing
 - Level 1.2 Dodging
 - Level 5.3 Stealth
 + Level 3.2 Necromancy


You had 6 spell levels left.
You didn't know any spells.
Your spell library contained the following spells:

 Spells                   Type           Power      Damage    Failure   Level
 Foxfire                  Conj/Fire      0%         2x1d4     32%         1
 Fireball                 Conj/Fire      0%         3d3       100%        5
 Starburst                Conj/Fire      0%         6d3       100%        6

Inventory:

Hand Weapons
 a - the +10 demon whip of Flying Sudden Death (weapon) {pain, rElec}
   (You acquired it on level 1 of the Dungeon)

   rElec:     It insulates you from electricity.
 g - a +2 dagger
Missiles
 d - 13 poisoned darts (quivered)
 e - 3 curare-tipped darts {=f}
Armour
 b - a +0 robe (worn)
 c - a +0 cloak (worn)
Magical Staves
 i - a staff of death {!a}
Jewellery
 u - the ring "Tiq Aqud" {*Slow rC+ Int+7 Dex-3 SInv}
   (You found it on level 3 of the Dungeon)

   [ring of protection from cold]

   Int:       It affects your intelligence (+7).
   Dex:       It affects your dexterity (-3).
   rC:        It protects you from cold.
   SInv:      It lets you see invisible.
   *Slow:     It may slow you when you take damage.
 C - a ring of protection from cold
 P - a ring of poison resistance (left hand)
Wands
 t - a wand of polymorph (8)
Scrolls
 k - 2 scrolls of poison {unknown}
 m - a scroll of identify {unknown}
 n - a scroll of blinking {unknown}
 o - a scroll of immolation {unknown}
 q - 2 scrolls of teleportation {unknown}
 s - a scroll of amnesia {unknown}
Potions
 f - 2 potions of berserk rage {unknown}
 h - a potion of degeneration {unknown}
 l - 2 potions of mutation {unknown}
 p - a potion of might {unknown}
 r - a potion of magic {unknown}

Dungeon Overview and Level Annotations

Branches:
Dungeon (4/15)
 Temple: D:4-7

Altars:

Annotations:
D:4 1 runed translucent door, Pikel

###### ....
#..... ....
#.....
....###.....
5...55K@g...
.....#######
.....### ..
#......#####.#
..#.##....##.#
.##. ####..>.#
#. ###.>###.
....#.....
..........


You could see Pikel, 2 lemures and a hobgoblin.


Message History

You are too injured to fight recklessly!
You are too injured to fight recklessly!
You are too injured to fight recklessly!
You are too injured to fight recklessly!
You are too injured to fight recklessly!
You are too injured to fight recklessly!
You are too injured to fight recklessly!
You are too injured to fight recklessly!
You closely miss Pikel.
Pikel is heavily wounded.
The hobgoblin barely misses you.
Pikel hits you with a +2 whip of freezing.
* * * LOW HITPOINT WARNING * * *
Pikel freezes you.
* * * LOW HITPOINT WARNING * * *
You whack Pikel!
Pikel writhes in agony.
Pikel is almost dead.
Pikel barely misses you. The hobgoblin hits you.
* * * LOW HITPOINT WARNING * * *
It was a potion of curing.
You feel better. The hobgoblin hits you.
* * * LOW HITPOINT WARNING * * *
Pikel hits you with a +2 whip of freezing!
* * * LOW HITPOINT WARNING * * *
Pikel freezes you.
* * * LOW HITPOINT WARNING * * *
You feel better.
Pikel hits you with a +2 whip of freezing.
* * * LOW HITPOINT WARNING * * *
Pikel freezes you.
You die...

Skill      XL: |  1  2  3  4  5  6 |
---------------+-------------------+-----
Short Blades   | 3 4 |  4.0
Maces & Flails | 1 2 3 4 |  4.4
Necromancy     | 1 2 3 |  3.2
Fighting       | |  2.1
Throwing       | |  2.1
Dodging        | |  1.2
Stealth        | |  5.3

Action                     |  1- 3 |  4- 6 |  7- 9 || total
---------------------------+-------+-------+-------++-------
  Melee: Dagger            |    23 |       |       ||    23
         Demon whip        |    26 |    80 |    15 ||   121
    Use: Scroll            |     1 |       |       ||     1
         Potion            |       |       |     2 ||     2
   Stab: Sleeping          |    22 |    19 |       ||    41
 Armour: Robe              |     5 |    18 |     1 ||    24
  Dodge: Dodged            |    13 |    36 |    13 ||    62

Levels and vault maps discovered:
D:1:      kennysheep_arrival_seaside, layout_basic, minmay_gold_behind_fungi,
          wander_ebering_terrifying_dragon_lair
D:2:      layout_rooms, nicolae_ecumenical_snake_handling, uniq_jessica
D:3:      layout_basic, nicolae_elevator_lobby_asterisk, uniq_crazy_yiuf_cottage
D:4:      layout_rooms, ebering_ghost_sewer_d, dreamdust_wishing_well,
          uniq_pikel, uniq_ijyb

Notes
Turn   | Place    | Note
-------+----------+-------------------------------------------
     0 | D:1      | demibob the Kobold Brigand began the quest for the Orb.
     0 | D:1      | Reached XP level 1. HP: 12/12 MP: 1/1
    52 | D:1      | Reached skill level 3 in Short Blades
    96 | D:1      | Reached XP level 2. HP: 17/17 MP: 2/2
   306 | D:1      | Reached skill level 4 in Short Blades
   324 | D:1      | Identified a scroll of acquirement
   324 | D:1      | Acquired the +10 demon whip of Flying Sudden Death {pain,
                  | rElec}
   726 | D:1      | Reached XP level 3. HP: 21/21 MP: 3/3
   896 | D:1      | Reached skill level 1 in Maces & Flails
  1529 | D:2      | Reached skill level 1 in Necromancy
  1543 | D:2      | Reached XP level 4. HP: 26/26 MP: 4/4
  1547 | D:2      | Found a faded altar of an unknown god.
  1557 | D:2      | Reached skill level 2 in Maces & Flails
  1672 | D:2      | Reached XP level 5. HP: 30/30 MP: 5/5
  1730 | D:2      | Noticed Jessica
  1735 | D:2      | Killed Jessica
  1736 | D:2      | Reached skill level 2 in Necromancy
  2002 | D:3      | Reached skill level 3 in Maces & Flails
  2117 | D:3      | Identified the ring "Tiq Aqud" {*Slow rC+ Int+7 Dex-3 SInv}
  2416 | D:4      | Reached XP level 6. HP: 32/35 MP: 6/6
  2453 | D:4      | Noticed a black bear
  2460 | D:4      | Killed a black bear
  2461 | D:4      | Reached skill level 4 in Maces & Flails
  2461 | D:4      | Reached skill level 3 in Necromancy
  2519 | D:4      | Found a runed translucent door.
  2730 | D:4      | Reached XP level 7. HP: 40/40 MP: 7/7
  2733 | D:4      | Noticed Pikel
  2752 | D:4      | HP: 3/40 [hobgoblin (2)]
  2753 | D:4      | HP: 1/40 [Pikel/+2 whip of freezing (3)]
  2754 | D:4      | Slain by Pikel

Vanquished Creatures
  A black bear (D:4)
  2 lemures (D:4)
  A hound (D:4)
  An orc priest (D:4)
  Jessica (D:2)
  An orc wizard (D:4)
  8 adders
  2 worms
  5 dart slugs
  3 orcs (D:4)
  4 bats
  5 endoplasms
  5 giant cockroaches
  5 goblins
  9 hobgoblins
  4 kobolds
  4 quokkas
  4 ball pythons
  4 frilled lizards
  9 rats
78 creatures vanquished.

Vanquished Creatures (others)
  3 toadstools (D:1)
3 creatures vanquished.

Grand Total: 81 creatures vanquished

Table legend: (Time is in decaauts)
 A = Elapsed time spent in this place.
 B = Non-inter-level travel time spent in this place.
 C = Inter-level travel time spent in this place.
 D = Time resting spent in this place.
 E = Time spent auto-exploring this place.
 F = Levels seen in this place.
 G = Mean time per level.
                   A        B        C        D        E       F      G
               +--------+--------+--------+--------+--------+-----+--------+
         Total |   2743 |   2628 |    115 |     87 |   2110 |   4 |  685.8 |
       Dungeon |   2743 |   2628 |    115 |     87 |   2110 |   4 |  685.8 |
               +--------+--------+--------+--------+--------+-----+--------+

Top non-repeatable levels by time:
     D:1: 1334 daAuts
     D:3: 601 daAuts
     D:2: 468 daAuts
     D:4: 339 daAuts

Table legend:
 A = Non-vault XP
 B = Vault XP
 C = Vault XP percentage of total XP
 D = Non-vault monster count
 E = Vault monster count
 F = Vault count percentage of total count
                 A         B        C        D         E       F
            +---------+---------+-------+---------+---------+-------
      Total |     454 |      65 |  12.5 |      72 |       4 |   5.3
            +---------+---------+-------+---------+---------+-------
        D:1 |      37 |       1 |   2.6 |      21 |       1 |   4.5
        D:2 |      83 |      64 |  43.5 |      20 |       3 |  13.0
        D:3 |      41 |       0 |   0.0 |      15 |       0 |   0.0
        D:4 |     293 |       0 |   0.0 |      16 |       0 |   0.0
            +---------+---------+-------+---------+---------+-------
